AoeStats
← MateDu05

MegaRandom

509020716Analyzed
2v2 RM · 8d ago on Sep 25, 2026· 88m 52s· 4 players
Game mode
Random Map
Map size
Medium (4 player)
Population
200
Speed
Normal
Resources
Standard
Victory
Conquest
Starting age
Dark Age
Ending age
Imperial Age
RankedLock teamsTeams togetherTeam positionsShared explorationLock speedFull tech treeHidden civsTurbo modeCheats
Victory
Defeat
🇪🇨 Hindustanis · Ecuador
763
+16
🇪🇨 Maya · Ecuador
722
+36
🇺🇸 Britons · United States
762
-17
🇺🇸 Burgundians · United States
762
-17
IsmaDu305161
9:35 Loom
13:27 Feudal Age
16:27 Double-Bit Axe
16:25 Horse Collar
22:31 Gold Mining
22:32 Stone Mining
23:37 Padded Archer Armor
23:27 Fletching
30:35 Castle Age
29:39 Scale Mail Armor
29:49 Forging
34:23 Crossbowman
34:30 Pikeman
35:10 Squires
39:26 Leather Archer Armor
39:06 Bodkin Arrow
39:47 Iron Casting
39:27 Chain Mail Armor
40:30 Elite Skirmisher
41:16 Thumb Ring
47:05 Stone Shaft Mining
55:53 Ballistics
55:47 Masonry
56:30 Fortified Wall
57:37 Bow Saw
63:34 Imperial Age
63:37 Capped Ram
64:27 Bracer
64:58 Ring Archer Armor
64:47 Siege Ram
69:17 Chemistry
MateDu05
9:13 Loom
13:25 Feudal Age
15:32 Forging
19:58 Bloodlines
20:54 Fletching
25:04 Padded Archer Armor
29:39 Scale Barding Armor
37:57 Castle Age
38:09 Crossbowman
38:56 Thumb Ring
39:08 Double-Bit Axe
40:25 Grand Trunk Road
40:32 Light Cavalry
41:16 Town Watch
41:33 Bodkin Arrow
42:10 Ballistics
42:27 Chain Barding Armor
43:13 Wheelbarrow
47:40 Husbandry
50:52 Scale Mail Armor
51:27 Iron Casting
55:31 Imperial Age
53:34 Chain Mail Armor
57:46 Chemistry
63:33 Blast Furnace
62:34 Bracer
65:49 Town Patrol
82:11 Spies/Treason
Catahoula
15:27 Feudal Age
14:13 Loom
15:59 Feudal Age
27:52 Town Watch
35:06 Castle Age
66:59 Double-Bit Axe
67:44 Town Patrol
68:20 Wheelbarrow
76:55 Fletching
Dildo_Swaggins
4:48 Loom
8:21 Wheelbarrow
20:02 Feudal Age
20:18 Gold Mining
20:22 Stone Mining
27:42 Double-Bit Axe
30:02 Hand Cart
34:14 Castle Age
33:16 Bow Saw
33:44 Stone Shaft Mining
33:45 Gold Shaft Mining
33:11 Horse Collar
45:55 Squires
46:10 Pikeman
64:14 Imperial Age
70:30 Flemish Revolution
75:18 Redemption
75:22 Fervor
75:59 Block Printing
77:14 Illumination
Connection lost

Rejoining the realm…

Still unreachable

The connection could not be restored.

Session expired

The server has moved on; the page needs a fresh start.